 Dungeon Crawl Stone Soup version bcrawl-1.21.3-16-g7f46a08de7 (webtiles) character file.

Game seed: 13545597149101677976

23708 Chiseanne the Covert (level 12, -8/98 HPs)
             Began as a Demonspawn Archaeologist on May 3, 2020.
             Was an Initiate of Gozag.
             Killed from afar by an ice dragon (24 damage)
             ... with a blast of cold
             ... on level 12 of the Dungeon.
             The game lasted 00:42:09 (14008 turns).

Chiseanne the Covert (Demonspawn Archaeologist)    Turns: 14008, Time: 00:42:09

Health: -8/98      AC:  8    Str: 13    XL:     12   Next: 74%
Magic:  0/12       EV: 25    Int: 13    God:    Gozag
Gold:   657        SH:  9    Dex: 26    Spells: 11/11 levels left

rFire    . . .     SeeInvis .   s - +2 hand axe (elec)
rCold    . . .     Gourm    .   N - +2 buckler of Objectivity {rN+}
rNeg     + . .     Faith    .   O - +0 troll leather armour "Dakuox" {Regen+ Str-3 Int-4 Dex+8 Stlth+} (curse)
rPois    .         Spirit   +   (helmet restricted)
rElec    .         Reflect  .   z - +0 cloak
rCorr    .         Harm     .   (no gloves)
MR       .....                  f - +0 pair of boots {run}
Stlth    +++++++...             (no amulet)
HPRegen  0.66/turn              S - +3 ring of evasion
MPRegen  0.26/turn              Q - +3 ring of strength

@: hasted, very quick
A: horns 1, thin skeletal structure 2, spiny 1, magic shield, magic regeneration
a: Potion Petition, Call Merchant, Bribe Branch, Renounce Religion


You were on level 12 of the Dungeon.
You worshipped Gozag.
Gozag was pleased with you.
You were not hungry.

You visited 2 branches of the dungeon, and saw 13 of its levels.
You also visited: Sewer and Ossuary.

You collected 3841 gold pieces.
You spent 1236 gold pieces at shops.
You paid 1948 gold pieces to Gozag.

Inventory:

Hand Weapons
 a - the +3 rapier of Bloody Death {pierce, rElec MR+}
   (You found it on level 7 of the Dungeon)

   It inflicts extra damage upon your enemies.
   It insulates you from electricity.
   It affects your resistance to hostile enchantments.
 d - a +4 quarterstaff of chaos
 o - a +1 war axe of flaming
 p - a +0 hunting sling
 s - a +2 hand axe of electrocution (weapon)
 w - a +0 blowgun
 P - a +2 dagger of venom
Missiles
 m - 1433 bolts
 x - 281 tomahawks (quivered)
 D - a throwing net {!f}
 G - 98 curare-tipped needles
 H - 522 sling bullets
Armour
 f - a +0 pair of boots of running (worn)
 k - a scarf of spirit shield
 z - a +0 cloak (worn)
 E - the +0 scale mail of the Dreams {Dex+4 Slay+3}
   (You bought it in a shop on level 5 of the Dungeon)

   It affects your dexterity (+4).
   It affects your accuracy and damage with ranged weapons and melee attacks
   (+3).
 N - the +2 buckler of Objectivity (worn) {rN+}
   (You bought it in a shop on level 5 of the Dungeon)

   It protects you from negative energy.
 O - the cursed +0 troll leather armour "Dakuox" (worn) {Regen+ Str-3 Int-4 Dex+8 Stlth+}
   (You bought it in a shop on level 5 of the Dungeon)

   It affects your strength (-3).
   It affects your intelligence (-4).
   It affects your dexterity (+8).
   It increases your rate of regeneration.
   It makes you more stealthy.
   It has a curse placed upon it.
 T - a +0 medium shield of poison resistance
 Y - a +2 buckler of cold resistance
Magical Staves
 X - an uncursed staff of power
Jewellery
 b - the ring "Coev" {rF- rN+ Slay+2 Stlth-}
   (You found it on level 5 of the Dungeon)

   [ring of attention]

   It affects your accuracy and damage with ranged weapons and melee attacks
   (+2).
   It makes you vulnerable to fire.
   It protects you from negative energy.
   It makes you less stealthy.
 l - an uncursed ring of resist corrosion
 M - an uncursed ring of flight
 Q - a +3 ring of strength (right hand)
 S - a +3 ring of evasion (left hand)
 U - an uncursed ring of insulation
Wands
 n - a wand of acid (6)
 J - a wand of scattershot (4)
 V - a wand of digging (6)
Scrolls
 g - 2 scrolls of magic mapping
 y - 3 scrolls of summoning
 A - 5 scrolls of teleportation
 B - 4 scrolls of fear
 F - 4 scrolls of remove curse
 R - 4 scrolls of identify
 W - a scroll of amnesia
 Z - a scroll of blinking
Potions
 c - 6 potions of curing
 h - a potion of might
 i - 2 potions of lignification
 j - 5 potions of mutation
 q - a potion of heal wounds
 r - 2 potions of haste
 u - 3 potions of flight
 v - 4 potions of brilliance
 C - 2 potions of magic
Miscellaneous
 I - 2 sacks of spiders
 K - a lightning rod (2/4)
 L - a fan of gales
Comestibles
 e - 12 rations {!d}


   Skills:
 * Level 10.4 Fighting
   Level 0.8 Maces & Flails
 * Level 9.2 Armour
 * Level 10.0 Dodging
 * Level 10.8 Stealth
 * Level 6.4 Shields


You had 11 spell levels left.
You didn't know any spells.
Your spell library contained the following spells:

 Spells                   Type           Power        Failure   Level  Hunger
 Throw Frost              Conj/Ice       #.....       22%         2    ###....
 Animate Skeleton         Necr           N/A          36%         1    ##.....
 Beastly Appendage        Tmut           #.....       36%         1    ##.....
 Corona                   Hex            #......      36%         1    ##.....
 Freeze                   Ice            #.....       36%         1    ##.....
 Passwall                 Tmut/Erth      #.......     50%         2    ###....
 Shackle                  Hex            #.......     50%         2    ###....
 False Image              Hex/Summ       #.......     73%         3    ####...
 Ignite Poison            Fire/Tmut/Pois #.......     73%         3    ####...
 Inner Flame              Hex/Fire       N/A          73%         3    ####...
 Ozocubu's Armour         Chrm/Ice       #.......     73%         3    ####...
 Cause Fear               Hex            #.........   98%         4    #####..
 Ice Form                 Ice/Tmut       #.......     98%         4    #####..
 Summon Ice Beast         Ice/Summ       #.......     98%         4    #####..
 Throw Icicle             Conj/Ice       #.......     98%         4    #####..
 Yara's Violent Unravell  Hex/Tmut       #.........   98%         4    #####..
 Bolt of Magma            Conj/Fire/Erth #.........   100%        5    ######.
 Death Channel            Chrm/Necr      #.........   100%        6    #######
 Infestation              Hex/Tmut/Pois  #........    100%        6    #######
 Iron Shot                Conj/Erth      #.........   100%        6    #######
 Poison Arrow             Conj/Pois      #.........   100%        6    #######
 Statue Form              Tmut/Erth      #........    100%        6    #######
 Spellforged Servitor     Conj/Summ      #.........   100%        7    #######
 Shatter                  Erth           #.........   100%        9    #######


Dungeon Overview and Level Annotations

Branches:
Dungeon (12/12)            Temple (1/1) D:4            Lair (0/6) D:9
    Orc (0/1) D:10
 Vaults: D:11-12     Depths: D:12

Altars:
Ashenzari
Cheibriados
Dithmenos
Elyvilon
Fedhas
Gozag
Lugonu
Makhleb
Nemelex Xobeh
Okawaru
Qazlal
Ru
Sif Muna
Vehumet
Wu Jian
Xom
Zin
The Shining One

Shops:
D:5 [   D:8 :   D:11 (=

Annotations:
D:6 1 runed translucent door
D:9 2 transporters


Innate Abilities, Weirdness & Mutations

You have a pair of small horns on your head.
You have a moderately thin skeletal structure. (Dex +4, Stealth+)
You are partially covered in sharp spines.
When hurt, damage is shared between your health and your magic reserves.
You regenerate magic rapidly.


Message History

The ice dragon tramples you!
* * * LOW HITPOINT WARNING * * *
You stumble backwards!
You feel much better. The ice dragon completely misses you.
The ice dragon claws you! You block the ice dragon's attack.
You barely miss the ice dragon.
The ice dragon is moderately wounded.
You hit the ice dragon but do no damage.
Lightning courses through the ice dragon!
The ice dragon is moderately wounded.
The ice dragon breathes frost at you. The blast of cold hits you!!
* * * LOW HITPOINT WARNING * * *
You hit the ice dragon but do no damage.
You headbutt the ice dragon, but do no damage.
The ice dragon is moderately wounded.
The ice dragon breathes frost at you. The blast of cold hits you!!
You die...
Your body crumbles into a pile of gold.

########...'..........#....
...........#..........#....
...........#..........#....
...........########'###....
...........................
...........................
###...)).)................
#....)).................
#......@................
#.#....D.########.......
#.##..8.## $$$$##...... #
##...# ##..... ##.....#
#...## #####..D. ##...#
.... .$$$$##....#
.....#######.....#
.................#


You could see an ice dragon.

Vanquished Creatures
  A stone giant (D:9)
  A hydra (D:11)
  2 centaur warriors (D:11)
  2 two-headed ogres
  A tengu warrior (D:12)
  An unseen horror (D:9)
  A cyclops (shapeshifter) (D:11)
  A cyclops (D:11)
  2 harpies (shapeshifter)
  A wolf spider zombie (D:12)
  A wolf spider (D:9)
  A manticore (D:10)
  Joseph (D:9)
  A komodo dragon (D:11)
  A tengu conjurer (D:9)
  5 trolls
  A slime creature (D:9)
  3 hippogriffs
  A spriggan (D:11)
  A wyvern (D:8)
  6 yaks (D:8)
  A hungry ghost (D:8)
  A human (D:11)
  7 vampire mosquitoes (D:11)
  2 crocodiles
  An acid dragon (D:7)
  3 water moccasins
  5 orc warriors
  3 black bears
  A hornet zombie (D:9)
  5 ice beasts
  2 eyes of draining
  5 sky beasts
  10 ogres
  2 necrophages
  2 phantoms (D:8)
  8 centaurs
  12 bullfrogs
  3 big kobolds
  An elf zombie (D:4)
  An elf skeleton (D:4)
  3 scorpions
  A hornet simulacrum (D:11)
  6 killer bees
  3 wights (D:10)
  5 crimson imps
  2 lava snakes (D:11)
  2 centaur zombies
  5 hounds
  A quasit (D:9)
  2 human zombies (D:4)
  2 jellies
  Crazy Yiuf (D:6)
  6 centaur skeletons
  6 orc priests
  6 orc wizards
  A gnoll shaman (D:4)
  3 iguanas
  Natasha (thrice) (D:4)
  9 worker ants
  4 big kobold zombies (Ossuary)
  A mummy (Ossuary)
  A worker ant zombie (D:6)
  3 gnolls (D:4)
  A howler monkey skeleton (D:8)
  17 adders
  2 shadow imps
  9 oozes
  2 worms
  2 dart slugs (D:1)
  11 leopard geckos
  29 orcs
  3 spectral bats (Ossuary)
  13 giant cockroaches
  8 gnoll zombies (Ossuary)
  6 goblins
  13 hobgoblins
  15 jackals
  3 quokkas
  20 ball pythons
  5 bats
  A bat simulacrum (Ossuary)
  10 frilled lizards
  3 goblin zombies (Ossuary)
  5 hobgoblin zombies (Ossuary)
  16 kobolds
  3 kobold simulacra (Ossuary)
  7 kobold zombies (Ossuary)
  2 orc skeletons (D:4)
  3 orc zombies (Ossuary)
  5 rats
  2 rat simulacra (Ossuary)
  A spectral goblin (Ossuary)
  2 spectral kobolds (Ossuary)
  4 spectral rats (Ossuary)
  3 plants (D:6)
412 creatures vanquished.

Vanquished Creatures (collateral kills)
  A two-headed ogre (D:9)
  An orc knight (D:7)
2 creatures vanquished.

Vanquished Creatures (others)
  An unseen horror (D:11)
  A kobold (D:6)
2 creatures vanquished.

Grand Total: 416 creatures vanquished

Notes
Turn   | Place    | Note
-------+----------+-------------------------------------------
     0 | D:1      | Chiseanne the Demonspawn Archaeologist began the quest for
                  | the Orb.
     0 | D:1      | Reached XP level 1. HP: 15/15 MP: 1/1
   340 | D:1      | Gained mutation: You have a somewhat thin skeletal
                  | structure. (Dex +2, Stealth) [demonic ancestry]
   340 | D:1      | Reached XP level 2. HP: 12/21 MP: 2/2
  1153 | D:2      | Gained mutation: You have a moderately thin skeletal
                  | structure. (Dex +4, Stealth+) [demonic ancestry]
  1153 | D:2      | Reached XP level 3. HP: 26/27 MP: 3/3
  1848 | D:2      | Noticed an ogre
  1980 | D:3      | Gained mutation: When hurt, damage is shared between your
                  | health and your magic reserves. [demonic ancestry]
  1980 | D:3      | Reached XP level 4. HP: 31/34 MP: 4/4
  2091 | D:3      | Found a stormy altar of Qazlal.
  2939 | D:4      | Noticed a sky beast
  2950 | D:4      | Killed a sky beast
  2950 | D:4      | Reached skill level 1 in Armour
  2950 | D:4      | Reached XP level 5. HP: 35/41 MP: 3/5
  2950 | D:4      | Identified a scroll of acquirement
  2952 | D:4      | Identified a +0 pair of boots of running (You acquired it
                  | on level 4 of the Dungeon)
  2986 | D:4      | Found a staircase to the Ecumenical Temple.
  2990 | Temple   | Entered the Ecumenical Temple
  3132 | Temple   | Became a worshipper of Gozag Ym Sagoz the Greedy
  3236 | D:4      | Gained mutation: You have a pair of small horns on your
                  | head. [demonic ancestry]
  3236 | D:4      | Reached XP level 6. HP: 25/47 MP: 2/6
  3330 | D:4      | Found a sand-covered staircase.
  3360 | Ossuary  | Entered an ossuary
  4107 | D:4      | Reached XP level 7. HP: 32/54 MP: 5/7
  4437 | D:4      | Reached skill level 5 in Stealth
  4688 | D:4      | Noticed Natasha
  4700 | D:4      | Killed Natasha
  4828 | D:4      | Noticed Natasha
  4952 | D:4      | Killed Natasha
  5042 | D:4      | Noticed Natasha
  5049 | D:4      | Killed Natasha
  5049 | D:4      | Reached skill level 5 in Dodging
  5536 | D:4      | Gained mutation: You are partially covered in sharp spines.
                  | [demonic ancestry]
  5536 | D:4      | Reached XP level 8. HP: 51/61 MP: 3/8
  5872 | D:5      | Entered Level 5 of the Dungeon
  5899 | D:5      | Got an ancient wooden ring
  5978 | D:5      | Reached skill level 5 in Fighting
  6169 | D:5      | Identified the ring "Coev" {rF- rN+ Slay+2 Stlth-} (You
                  | found it on level 5 of the Dungeon)
  6702 | D:5      | Found a shimmering blue altar of Sif Muna.
  7062 | D:5      | Bought a pitted scale mail for 270 gold pieces
  7073 | D:5      | Identified the cursed +0 scale mail of the Dreams {Dex+4
                  | Slay+3} (You bought it in a shop on level 5 of the Dungeon)
  7095 | D:6      | Found a shattered altar of Ashenzari.
  7208 | D:6      | Found a glowing drain.
  7225 | Sewer    | Entered a sewer
  7554 | Sewer    | Reached XP level 9. HP: 69/69 MP: 9/9
  8059 | D:6      | Found a runed translucent door.
  8133 | D:6      | Found a runed door.
  8137 | D:6      | Noticed Crazy Yiuf
  8144 | D:6      | Killed Crazy Yiuf
  8279 | D:6      | Reached skill level 5 in Armour
  8891 | D:7      | Found a burning altar of Makhleb.
  8922 | D:7      | Noticed a troll
  8930 | D:7      | Killed a troll
  9080 | D:7      | Noticed an orc knight
  9218 | D:7      | Got an iridescent rapier
  9219 | D:7      | Identified the Incunabulum of Lethal Sinister Magic
  9228 | D:7      | Identified the +3 rapier of Bloody Death {pierce, rElec
                  | MR+} (You found it on level 7 of the Dungeon)
  9258 | D:7      | Reached XP level 10. HP: 64/79 MP: 6/10
  9721 | D:7      | Killed an orc knight
  9781 | D:5      | Bought a bloodstained buckler for 285 gold pieces
  9783 | D:5      | Identified the +2 buckler of Objectivity {rN+} (You bought
                  | it in a shop on level 5 of the Dungeon)
  9784 | D:5      | Bought a faintly humming troll leather armour for 600 gold
                  | pieces
  9796 | D:5      | Identified the cursed +0 troll leather armour "Dakuox"
                  | {Regen+ Str-3 Int-4 Dex+8 Stlth+} (You bought it in a shop
                  | on level 5 of the Dungeon)
 10063 | D:8      | Reached skill level 1 in Shields
 10478 | D:8      | Found an ornate altar of the Wu Jian Council.
 10735 | D:8      | Gained mutation: You regenerate magic rapidly. [demonic
                  | ancestry]
 10735 | D:8      | Reached XP level 11. HP: 62/87 MP: 7/11
 10777 | D:8      | Found Zyqawus's Book Boutique.
 11024 | D:9      | Noticed a two-headed ogre
 11033 | D:9      | Killed a two-headed ogre
 11044 | D:9      | Noticed a two-headed ogre
 11044 | D:9      | Noticed a wolf spider
 11113 | D:9      | Found a transporter.
 11160 | D:9      | Found a transporter.
 11367 | D:9      | Noticed Joseph
 11381 | D:9      | Killed Joseph
 11467 | D:9      | Killed a two-headed ogre
 11525 | D:9      | Found a staircase to the Lair.
 11929 | D:9      | Killed a wolf spider
 11931 | D:9      | Killed an unseen horror
 12168 | D:9      | Noticed a stone giant
 12181 | D:9      | Killed a stone giant
 12278 | D:9      | Identified Zuawno Xobe's Handbook of Transmigration
 12341 | D:10     | Entered Level 10 of the Dungeon
 12353 | D:10     | Found a staircase to the Orcish Mines.
 12476 | D:10     | Noticed a harpy
 12481 | D:10     | Killed a harpy
 12488 | D:10     | Reached skill level 5 in Shields
 12714 | D:10     | Reached skill level 10 in Stealth
 12798 | D:10     | Reached XP level 12. HP: 81/96 MP: 9/12
 12936 | D:11     | Noticed a two-headed ogre
 12946 | D:11     | Killed a two-headed ogre
 13023 | D:11     | Noticed an eight-headed hydra
 13040 | D:11     | Killed a four-headed hydra
 13202 | D:11     | Reached skill level 10 in Fighting
 13388 | D:11     | Noticed a centaur warrior
 13403 | D:11     | Killed a centaur warrior
 13837 | D:11     | Noticed a centaur warrior
 13849 | D:11     | Killed a centaur warrior
 13862 | D:11     | Bought a cursed ring of attention for 81 gold pieces
 13873 | D:12     | Entered Level 12 of the Dungeon
 13948 | D:12     | Noticed a tengu warrior
 13965 | D:12     | Killed a tengu warrior
 13965 | D:12     | Reached skill level 10 in Dodging
 13981 | D:12     | Noticed an ice dragon
 14008 | D:12     | Killed from afar by an ice dragon

Skill      XL: |  1  2  3  4  5  6  7  8  9 10 11 12 |
---------------+-------------------------------------+-----
Dodging        | 3 4 5 6 7 8 9 10 | 10.0
Fighting       | 2 3 4 6 7 8 9 10 | 10.4
Armour         | 1 2 3 4 6 7 8 9 |  9.2
Stealth        | 4 5 6 7 9 10 | 10.8
Shields        | 3 5 6 |  6.4
Maces & Flails | |  0.8

Action                   |  1- 3 |  4- 6 |  7- 9 | 10-12 || total
-------------------------+-------+-------+-------+-------++-------
Melee: Whip              |   184 |       |       |       ||   184
       Short sword       |    14 |   103 |     3 |       ||   120
       Hand axe          |       |   112 |   290 |   262 ||   664
       Headbutt          |       |    29 |    53 |   128 ||   210
       Rapier            |       |       |     2 |   152 ||   154
       War axe           |       |       |       |     8 ||     8
 Fire: Blowgun           |       |       |       |    27 ||    27
Throw: Tomahawk          |       |     7 |    72 |    64 ||   143
       Stone             |       |     1 |       |       ||     1
Invok: Potion Petition   |       |     1 |       |       ||     1
       Call Merchant     |       |       |     1 |     2 ||     3
Evoke: Wand              |       |       |     3 |     6 ||     9
       Sack of spiders   |       |       |       |    15 ||    15
       Lightning rod     |       |       |       |     5 ||     5
  Use: Scroll            |     5 |     5 |    11 |     2 ||    23
       Potion            |       |       |       |     2 ||     2
 Stab: Sleeping          |    12 |    19 |    12 |    35 ||    78
       Distracted        |       |       |     4 |     5 ||     9
  Eat: Chunk             |     4 |     3 |       |       ||     7
       Ration            |       |     2 |     4 |     6 ||    12
Armor: Robe              |    50 |    15 |       |       ||    65
       Ring mail         |       |    54 |    34 |       ||    88
       Scale mail        |       |       |    51 |    10 ||    61
       Troll leather arm |       |       |       |    62 ||    62
Dodge: Dodged            |   116 |   118 |   188 |   376 ||   798
Block: Buckler           |       |       |       |   211 ||   211
